 Dungeon Crawl Stone Soup version 0.30.1-9-gdf580d7c3d (webtiles) character file.

Game seed: 12739598040074974686

123 monsoonserge the Firebug (level 5, -3/58 HPs)
             Began as a Hill Orc Fire Elementalist on Oct 14, 2023.
             Succumbed to a water moccasin's poison
             ... on level 4 of the Dungeon.
             The game lasted 00:10:46 (2448 turns).

monsoonserge the Firebug (HOFE)                     Turns: 2448, Time: 00:10:47

Health: -3/58      AC:  4    Str: 11    XL:     5   Next: 7%
Magic:  4/8        EV: 11    Int: 17    God:
Gold:   159        SH:  0    Dex: 11    Spells: 5/8 levels left

rFire   . . .        w - +0 hand axe
rCold   . . .        (no shield)
rNeg    . . .        q - +0 leather armour
rPois   .            (no helmet)
rElec   .            f - +0 cloak
rCorr   +            (no gloves)
SInv    .            (no boots)
Will    .....        (no amulet) Stlth
                     p - ring of resist corrosion
HPRegen 0.29/turn    (no ring)
MPRegen 0.11/turn

%: no passive effects
@: berserking, lethally poisoned (-3 -> -36), very slightly contaminated, very
quick
A: no striking features
a: no special abilities


You were on level 4 of the Dungeon.
You visited 1 branch of the dungeon, and saw 4 of its levels.

You collected 159 gold pieces.

Inventory:

Hand Weapons
 c - a +0 sling
 v - a +0 spear
 w - a +0 hand axe (weapon)
Missiles
 l - 5 poisoned darts (quivered)
Armour
 a - a +0 robe
 f - a +0 cloak (worn)
 q - a +0 leather armour (worn)
Jewellery
 p - a ring of resist corrosion (left hand)
Scrolls
 d - a scroll of magic mapping {unknown}
 e - 4 scrolls of identify {unknown}
 g - a scroll of noise {unknown}
 m - a scroll of poison {unknown}
 n - a scroll of enchant armour {unknown}
 o - a scroll of fear {unknown}
 s - a scroll of teleportation {unknown}
Potions
 b - a potion of magic
 h - a potion of cancellation {unknown}
 i - 3 potions of curing
 j - a potion of berserk rage
 k - a potion of brilliance {unknown}
 t - a potion of ambrosia {unknown}
 u - a potion of might {unknown}


   Skills:
 + Level 0.8 Fighting
 - Level 0.2 Maces & Flails
 + Level 0.1 Ranged Weapons
 * Level 1.3 Armour
 + Level 1.7 Dodging
 + Level 1.8 Stealth
 - Level 2.0 Spellcasting
 * Level 2.0 Conjurations
 + Level 4.7 Fire Magic


You had 5 spell levels left.
You knew the following spells:

 Your Spells              Type           Power      Damage    Failure   Level
a - Foxfire               Conj/Fire      52%        2x1d6     6%          1
b - Scorch                Fire           36%        2d7       5%          2

Your spell library contained the following spells:

 Spells                   Type           Power      Damage    Failure   Level
 Inner Flame              Hex/Fire       9%         N/A       28%         3
 Volatile Blastmotes      Fire/Tloc      18%        2d11      28%         3
 Flame Wave               Conj/Fire      13%        2d6       54%         4


Dungeon Overview and Level Annotations

Branches:
Dungeon (4/15)
 Temple: D:4-7

Altars:
Qazlal


Message History

The water moccasin attacks as you move away!
The water moccasin barely misses you.
You feel sick. The orc attacks as you move away!
The orc hits you but does no damage.
You feel sick.
You feel sick.
You feel sick.
The water moccasin attacks as you move away!
The water moccasin bites you.
You feel sick. The water moccasin bites you.
* * * LOW HITPOINT WARNING * * *
It was a potion of curing.
You feel better. The water moccasin barely misses you.
Casting: Foxfire (safe; 6% risk of failure)
Confirm with . or Enter, or press ? or * to list all spells.
You miscast Scorch.
You are very lightly contaminated with residual magic.
Nothing appears to happen.
The water moccasin bites you.
* * * LOW HITPOINT WARNING * * *
You are lethally poisoned!
The water moccasin poisons you! The water moccasin barely misses you.
Casting: Scorch (safe; 5% risk of failure)
Confirm with . or Enter, or press ? or * to list all spells.
Flames lash the water moccasin.
The water moccasin is moderately wounded.
The water moccasin's fire resistance burns away.
* * * LOW HITPOINT WARNING * * *
You feel very sick. The water moccasin barely misses you.
You feel better. The water moccasin bites you.
It was a potion of berserk rage.
A red film seems to cover your vision as you go berserk!
You feel yourself moving faster!
You feel mighty! The water moccasin bites you!
* * * LOW HITPOINT WARNING * * *
You are lethally poisoned!
The water moccasin poisons you! The water moccasin bites you!
* * * LOW HITPOINT WARNING * * *
You are more poisoned.
The water moccasin poisons you!
You barely miss the water moccasin.
The water moccasin is lightly wounded.
You die...

#.#~~.<†.#
##.##~.###.#
#.~.#~## #
##.##~~~~#
#.~.#~~#~#
##.##~## #
##...###
#.#.#.#
##.#@.#
#~oS#~#
#.#l.##
##.~..#
#.#.#.#
#~.#.l#
#.#S#.#
##.~.##
#.#.#.#


You could see a water moccasin (combustible), an iguana and an orc.

Vanquished Creatures
  4 gnolls (D:3)
  3 adders
  A worm (D:2)
  A dart slug (D:1)
  5 ball pythons
  2 endoplasms
  2 giant cockroaches
  2 goblins
  3 hobgoblins
  4 jackals
  4 quokkas
  6 bats
  4 frilled lizards
  4 kobolds
  8 rats
53 creatures vanquished.

Vanquished Creatures (others)
  102 foxfires
102 creatures vanquished.

Grand Total: 155 creatures vanquished

Notes
Turn   | Place    | Note
-------+----------+-------------------------------------------
     0 | D:1      | monsoonserge the Hill Orc Fire Elementalist began the quest
                  | for the Orb.
     0 | D:1      | Reached XP level 1. HP: 14/14 MP: 3/3
   242 | D:1      | Reached XP level 2. HP: 20/20 MP: 0/4
   256 | D:1      | Learned a level 2 spell: Scorch
  1067 | D:2      | Reached XP level 3. HP: 27/27 MP: 0/5
  1148 | D:2      | Reached skill level 4 in Fire Magic
  1760 | D:3      | Reached XP level 4. HP: 34/34 MP: 1/6
  1876 | D:3      | Found a stormy altar of Qazlal.
  1876 | D:3      | Noticed a sky beast
  2101 | D:3      | Reached skill level 1 in Armour
  2337 | D:4      | Reached XP level 5. HP: 23/39 MP: 0/8
  2431 | D:4      | Noticed a water moccasin
  2448 | D:4      | Succumbed to a water moccasin's poison

Illustrated notes

Levels and vault maps discovered:
D:1:      minmay_arrival_three_doors, layout_loops_ring, minmay_misc_feat_room
D:2:      layout_rooms, minmay_misc_feat_columns, minmay_octomino_c4
D:3:      layout_rooms, lemuel_blue_sif_altar, nicolae_qazlal_beasts_of_the_sky
D:4:      layout_loops_ring, mainiacjoe_overflow_paths, minmay_manual_mullet

Skill      XL: |  1  2  3  4 |
---------------+-------------+-----
Fire Magic     | 4 |  4.7
Armour         | 1 |  1.3
Conjurations   | 2 |  2.0
Spellcasting   | 2 |  2.0
Fighting       | |  0.8
Maces & Flails | |  0.2
Ranged Weapons | |  0.1
Dodging        | |  1.7
Stealth        | |  1.8

Action                     |  1- 3 |  4- 6 || total
---------------------------+-------+-------++-------
  Melee: Dagger            |    13 |       ||    13
         Whip              |    11 |       ||    11
         Hand axe          |       |     8 ||     8
   Fire: Sling             |     8 |       ||     8
   Cast: Foxfire           |    40 |    19 ||    59
         Scorch            |     8 |     9 ||    17
    Use: Potion            |       |     3 ||     3
 Armour: Robe              |     6 |       ||     6
         Leather armour    |     1 |    21 ||    22
  Dodge: Dodged            |    19 |    35 ||    54
